 Dungeon Crawl Stone Soup version 0.23-a0-49-gd9f7a49 (webtiles) character file.

59 Amnesiac the Digger (level 3, -4/24 HPs)
             Began as a Mummy Earth Elementalist on Aug 6, 2018.
             Slain by an orc wizard
             ... wielding a +0 dagger
              (5 damage)
             ... on level 4 of the Dungeon.
             The game lasted 00:02:13 (1601 turns).

Amnesiac the Digger (Mummy Earth Elementalist)      Turns: 1601, Time: 00:02:14

Health: -4/24      AC:  3    Str: 11    XL:     3   Next: 78%
Magic:  5/8        EV: 12    Int: 15    God:
Gold:   34         SH:  0    Dex: 12    Spells: 3/9 levels left

rFire    x . .     SeeInvis .   a - +0 dagger (venom)
rCold    + . .     Gourm    .   (no shield)
rNeg     + + +     Faith    .   c - +0 robe
rPois    ∞         Spirit   .   (no helmet)
rElec    .         Reflect  .   (no cloak)
rCorr    .         Harm     .   (no gloves)
MR       .....                  d - +0 pair of boots
Stlth    +.........             (no amulet)
HPRegen  0.08/turn              (no ring)
MPRegen  0.11/turn              (no ring)

@: confused, very slightly contaminated
A: no food or potions, fire vulnerability, cold resistance 1, negative energy
resistance 3, torment resistance, unbreathing
a: no special abilities


You were on level 4 of the Dungeon.
You were not hungry.

You visited 1 branch of the dungeon, and saw 4 of its levels.

You collected 34 gold pieces.

Inventory:

Hand Weapons
 a - a +0 dagger of venom (weapon)
 b - a +0 hunting sling
Missiles
 f - 5 stones (quivered)
 g - 22 sling bullets
Armour
 c - a +0 robe (worn)
 d - a +0 pair of boots (worn)


   Skills:
 - Level 1.5 Dodging
 - Level 1.5 Stealth
 + Level 3.5 Spellcasting
 - Level 0.7 Transmutations
 * Level 3.6 Earth Magic


You had 3 spell levels left.
You knew the following spells:

 Your Spells              Type           Power        Failure   Level  Hunger
a - Stone Arrow           Conj/Erth      #.....       26%         3    N/A
b - Passwall              Tmut/Erth      #.......     12%         2    N/A
c - Sandblast             Erth           ##....       4%          1    N/A

Your spell library contained the following spells:

 Spells                   Type           Power        Failure   Level  Hunger
 Lee's Rapid Deconstruct  Erth           ##........   77%         5    N/A
 Petrify                  Tmut/Erth      #.......     61%         4    N/A

Dungeon Overview and Level Annotations

Branches:
Dungeon (4/15)
 Temple: D:4-7

Altars:
Uskayaw


Innate Abilities, Weirdness & Mutations

You do not eat or drink.
Your flesh is vulnerable to fire.
You are immune to poison.
Your flesh is cold resistant. (rC+)
You are immune to negative energy. (rN+++)
You are immune to unholy pain and torment.
You can survive without breathing.


Message History

Confirm with . or Enter, or press ? or * to list all spells.
You can't see any susceptible monsters within range! (Use Z to cast anyway.)
The gnoll throws a stone.
The stone closely misses you.
You climb upwards.
There is a stone staircase leading down here.
You start resting.
HP restored.
Autopickup is now on.
There is an escape hatch in the floor here.
You slide downwards.
The hatch slams shut behind you. 3 orc wizards and a skeleton come into view.
The orc wizard shouts! x2; You hear a shout!
The orc wizard shouts!
You hear a shout! x2
An orc wizard comes into view. It is wielding an enchanted dagger.
The orc wizard hits you but does no damage.
The orc wizard closely misses you.
The orc wizard gestures at you while chanting.
The magic dart hits you! The orc wizard barely misses you.
Found a war axe.
Casting: Stone Arrow (safe; 26% risk of failure)
Confirm with . or Enter, or press ? or * to list all spells.
You don't know that spell.
Unknown command.
An orc comes into view. It is wielding a war axe.
The hound skeleton barely misses you. The orc wizard casts a spell at you.
The puff of flame hits you! The fire burns you terribly!
* * * LOW HITPOINT WARNING * * *
Casting: Stone Arrow (safe; 26% risk of failure)
Confirm with . or Enter, or press ? or * to list all spells.
Aiming: Stone Arrow (safe; 26% risk of failure)
Press: ? - help, Shift-Dir - straight line, f - orc wizard
Aim: an orc wizard, wielding a dagger and wearing a robe You miscast Stone Arrow.
You are very lightly contaminated with residual magic.
Nothing appears to happen.
The hound skeleton closely misses you.
The orc wizard hits you but does no damage.
Unknown command.
Really read
e - a scroll labeled ENAHOTRURI {!r}?
As you read the scroll labeled ENAHOTRURI {!r}, it crumbles to dust.
You feel blessed for a moment.
It was a scroll of remove curse {!r}.
The hound skeleton bites you.
* * * LOW HITPOINT WARNING * * *
The orc wizard gestures at you while chanting.
You are confused.
The hound skeleton misses you. The orc wizard misses you.
You hit the hound skeleton but do no damage.
The hound skeleton bites you but does no damage.
The orc wizard gestures wildly while chanting.
The orc wizard seems to speed up.
The orc wizard hits you with a dagger.
* * * LOW HITPOINT WARNING * * *
The orc wizard gestures wildly while chanting.
The orc wizard flickers and vanishes!
Deactivating autopickup; reactivate with Ctrl-A.
You barely miss the orc wizard.
The hound skeleton completely misses you.
The orc wizard casts a spell.
The orc wizard blinks!
Something hits you.
* * * LOW HITPOINT WARNING * * *
You bump into the metal wall.
The hound skeleton barely misses you. The hound skeleton closely misses you.
The orc wizard barely misses you.
An orc wizard comes into view. It is wielding a dagger.
Something hits you.
You die...

.. ##.########
#...=......
#..........
#.†........
#.O........ ###
#.......o.. ##@##
#...<...ooo
##{Zo##..#...l....o.
#..)oo...#..........
##.o.##o.#..........
##.## ##.....#.>..
### #..######## ###


You could see 4 orc wizards, an orc and a hound skeleton.

Vanquished Creatures
  4 adders
  A dart slug (D:4)
  A leopard gecko (D:4)
  2 bats (D:2)
  A giant cockroach (D:1)
  3 goblins
  2 hobgoblins (D:1)
  3 jackals (D:1)
  2 kobolds (D:2)
  2 rats (D:1)
21 creatures vanquished.

Notes
Turn   | Place    | Note
-------+----------+-------------------------------------------
     0 | D:1      | Amnesiac the Mummy Earth Elementalist began the quest for the Orb.
     0 | D:1      | Reached XP level 1. HP: 13/13 MP: 4/4
   294 | D:1      | Reached XP level 2. HP: 17/19 MP: 5/5
   298 | D:1      | Learned a level 2 spell: Passwall
   621 | D:2      | Reached XP level 3. HP: 20/24 MP: 3/7
   628 | D:2      | Learned a level 3 spell: Stone Arrow
  1197 | D:4      | Noticed an ogre
  1524 | D:4      | Found a hide-covered altar of Uskayaw.
  1600 | D:4      | HP: 1/24 [something (3)]
  1601 | D:4      | Slain by an orc wizard

Vault maps used:
D:1:      dpeg_arrival_water_altar, skrybe_limestone_x
D:2:      chequers_ecumenical_altar_simple_redux, uniq_natasha
D:3:      grunt_temple_overflow_opulence, kennysheep_cluttered_room,
          minivault_19, uniq_sigmund, uniq_terence
D:4:      minmay_diamond_boxcup, marbit_many_paths, first_ration

Skill      XL: |  1  2 |
---------------+-------+-----
Spellcasting   | 3 |  3.5
Earth Magic    | 3 |  3.6
Dodging        | |  1.5
Stealth        | |  1.5
Transmutations | |  0.7

Action                   || total
-------------------------++-------
Melee: Unarmed           ||    55
       Dagger            ||    18
 Cast: Sandblast         ||    28
       Stone Arrow       ||     4
  Use: Scroll            ||     1
 Stab: Sleeping          ||     1
Armor: Robe              ||    17
Dodge: Dodged            ||    82

Table legend:
 A = Spawn XP
 B = Non-spawn XP
 C = Spawn XP percentage of total XP
 D = Spawn monster count
 E = Non-spawn monster count
 F = Spawn count percentage of total count
 G = Total turns spent on level
                    A         B        C        D         E        F      G
               +---------+---------+-------+---------+---------+-------+---------
         Total |       0 |      85 |   0.0 |       0 |      21 |   0.0 |  1601
               +---------+---------+-------+---------+---------+-------+---------
           D:1 |       0 |      14 |   0.0 |       0 |       8 |   0.0 |   586
           D:2 |       0 |      36 |   0.0 |       0 |       8 |   0.0 |   599
           D:3 |       0 |      15 |   0.0 |       0 |       2 |   0.0 |   211
           D:4 |       0 |      20 |   0.0 |       0 |       3 |   0.0 |   205
               +---------+---------+-------+---------+---------+-------+---------
